 Dungeon Crawl Stone Soup version 0.15-a0-1729-g99b9770 (webtiles) character file.

1606 Ololoev the Grave Robber (level 8, -2/58 HPs)
             Began as a Demonspawn Necromancer on June 27, 2014.
             Was a Follower of Kikubaaqudgha.
             Slain by a slave (6 damage)
             ... led by Pikel
             ... on Level 6 of the Dungeon.
             The game lasted 00:48:03 (9050 turns).

Ololoev the Grave Robber (Demonspawn Necromancer)   Turns: 9050, Time: 00:48:03

HP  -2/58        AC  5     Str  9      XL: 8   Next: 63%
MP  16/16        EV 12     Int 17      God: Kikubaaqudgha [*.....]
Gold 238         SH  0     Dex 15      Spells:  3 memorised,  7 levels left

rFire  + + .     SeeInvis +     D - +1 trident
rCold  . . .     Clarity  .     f - +1 leather armour {rF+}
rNeg   . . .     rCorr    .     (no shield)
rPois  .         rRot     .     (no helmet)
rElec  .         Spirit   .     l - +0 cloak
SustAb .         Warding  .     (no gloves)
rMut   .         Stasis   .     (no boots)
Gourm  .                        (no amulet)
MR     .....                    (no ring)
                                x - ring of see invisible

@: not resistant to hostile enchantments, fairly stealthy
A: claws 1, repulsion field 1, fire resistance 1, nightstalker 1
a: Receive Corpses, Renounce Religion


You were on level 6 of the Dungeon.
You worshipped Kikubaaqudgha.
Kikubaaqudgha was aware of your devotion.
You were not hungry.

You visited 1 branch of the dungeon, and saw 6 of its levels.

You collected 238 gold pieces.

Inventory:

Hand weapons
 D - a +1 trident (weapon)
 F - a +0 glaive
Missiles
 h - 7 tomahawks (quivered)
 z - 3 javelins
 E - 2 throwing nets
Armour
 f - a +1 leather armour of fire resistance (worn)
 l - a +0 cloak (worn)
Magical devices
 a - a wand of slowing (14)
 r - a wand of draining (0)
 u - a wand of confusion (0)
 y - a wand of frost (13)
Comestibles
 t - 2 meat rations
Scrolls
 e - 3 scrolls of teleportation
 i - 6 scrolls of remove curse
 j - a scroll of magic mapping
 m - 2 scrolls of random uselessness {unknown}
 n - 3 scrolls of fear {unknown}
 o - 2 scrolls of blinking {unknown}
 q - a scroll of noise {unknown}
 s - 2 scrolls of amnesia {unknown}
 B - a scroll of fog {unknown}
 H - 2 scrolls of enchant armour {unknown}
 K - 3 scrolls of identify
Jewellery
 x - a ring of see invisible (left claw)
Potions
 c - a potion of degeneration {unknown}
 g - a potion of invisibility
 k - 4 potions of brilliance
 p - a potion of heal wounds
 v - a potion of mutation {unknown}
 w - a potion of restore abilities
 C - a potion of might {unknown}
 G - a potion of curing
Books
 b - a book of Necromancy

   Spells                             Type                      Level
   *Pain                              Necromancy                   1
   *Animate Skeleton                  Necromancy                   1
   Vampiric Draining                  Necromancy                   3
   Regeneration                       Charms/Necromancy            3
   *Animate Dead                      Necromancy                   4
   Control Undead                     Necromancy                   4
 d - Kikubaaqudgha's Catalogue of Stolen Souls
   (Kikubaaqudgha gifted it to you on level 5 of the Dungeon)

   Spells                             Type                      Level
   *Animate Skeleton                  Necromancy                   1
   Corpse Rot                         Necromancy                   2
   Sublimation of Blood               Necromancy                   2
   Vampiric Draining                  Necromancy                   3
   Control Undead                     Necromancy                   4


   Skills:
 - Level 3.2 Fighting
 + Level 6.7 Polearms
 - Level 3.1 Throwing
 + Level 1.1 Armour
 - Level 1.7 Dodging
 - Level 1.7 Stealth
 - Level 3.3 Spellcasting
 - Level 7.1 Necromancy


You had 7 spell levels left.
You knew the following spells:

 Your Spells              Type           Power        Failure   Level  Hunger
a - Pain                  Necr           ####         1%          1    None
b - Animate Skeleton      Necr           N/A          1%          1    None
c - Animate Dead          Necr           N/A          12%         4    ####...


Dungeon Overview and Level Annotations

Branches:
Dungeon (6/15)
 Temple: D:4-7

Altars:
Cheibriados
Elyvilon
Fedhas
Kikubaaqudgha
Nemelex Xobeh
Vehumet

Shops:
D:4 :

Annotations:
D:6 Duvessa, Pikel


Innate Abilities, Weirdness & Mutations

You have sharp fingernails.
You are surrounded by a mild repulsion field (EV +2).
Your flesh is heat resistant.
You are slightly more attuned to the shadows.


Message History

You are too injured to fight recklessly!
You are too injured to fight recklessly!
You are too injured to fight recklessly!
You are too injured to fight recklessly!
You are too injured to fight recklessly!
You are too injured to fight recklessly!
You are too injured to fight recklessly!
You are too injured to fight recklessly!
You barely miss the slave. The slave hits you.
* * * LOW HITPOINT WARNING * * *
The slave hits you but does no damage.
You hit the slave but do no damage. The slave hits you.
* * * LOW HITPOINT WARNING * * *
The slave hits you.
* * * LOW HITPOINT WARNING * * *
You hit the slave.
The slave is lightly wounded.
The slave closely misses you. The slave hits you.
You die...
Kikubaaqudgha rasps: "You have failed me!
Welcome... death!"

#...#...#...#... ,,,,,,,,,,,,,,,,
#..###.###.......,, ,,,,,, ,,,,
#...#...#..#*,..,,,>,,,,,, ,,,,,,
#....._....###%<, ,**,,,,,,,, ,,
#...#...#...#.###+###.,,,,, ,,,,,
...###.###..#..........,,,,,,,,,,
##..#...#....#........,,,,,,,,,,,
#...........#.....#*,,,,,, ,, ,,
*######......#.p@..##** *********
* #......#.p....# *
#......'>.....# * #......#......#
* ##....##.....##
*******#....*#.....#* *,
≈≈≈*#....,+......* ≈** *≈*....
#......* **,**≈*,,,.,#....,,*


You could see 2 slaves.

Vanquished Creatures
  Edmund (D:5)
  4 ogres
  A crimson imp (D:5)
  Dowan (D:6)
  2 hounds (D:5)
  Crazy Yiuf (D:3)
  3 orc priests
  3 iguanas
  3 orc wizards
  A worker ant (D:5)
  Ijyb (D:3)
  16 adders
  2 gnolls (D:4)
  2 worms (D:2)
  2 giant geckos
  3 oozes
  12 orcs
  Natasha (D:3)
  6 bats
  13 goblins
  14 hobgoblins
  7 jackals
  2 quokkas
  3 ball pythons
  6 giant cockroaches
  A giant gecko skeleton (D:4)
  6 giant newts
  A jackal zombie (D:5)
  8 kobolds
  2 kobold skeletons (D:5)
  2 orc skeletons
  A quokka zombie (D:5)
  8 rats
  A fungus (D:3)
140 creatures vanquished.

Vanquished Creatures (collateral kills)
  The ghost of Crauler the Slasher, an average HaFi (D:4)
  The ghost of Shimatora the Covert, an average OpAs (D:5)
  A water moccasin (D:5)
  A centaur (D:5)
  A giant frog (D:4)
  An orc priest (D:4)
  Natasha (twice) (D:3)
  A hound zombie (D:5)
  A gnoll (D:4)
  An orc skeleton (D:4)
  An orc (D:5)
  A bat (D:5)
  A kobold (D:5)
  2 rats (D:5)
16 creatures vanquished.

Vanquished Creatures (others)
  2 elf zombies (D:6)
  A black bear zombie (D:5)
  4 ogre zombies
  A worker ant zombie (D:6)
  3 adder zombies
  10 orc zombies
  An iguana zombie (D:4)
  2 orc skeletons
  A bat skeleton (D:3)
  A gnoll zombie (D:4)
  2 giant cockroach zombies
  A goblin skeleton (D:2)
  A goblin zombie (D:5)
  2 hobgoblin zombies
  4 kobold zombies
  A quokka zombie (D:5)
37 creatures vanquished.

Grand Total: 193 creatures vanquished

Notes
Turn   | Place    | Note
--------------------------------------------------------------
     0 | D:1      | Ololoev, the Demonspawn Necromancer, began the quest for the Orb.
     0 | D:1      | Reached XP level 1. HP: 13/13 MP: 3/3
   507 | D:1      | Gained mutation: You have sharp fingernails. [demonic ancestry]
   507 | D:1      | Reached XP level 2. HP: 16/19 MP: 2/4
   525 | D:1      | Learned a level 1 spell: Animate Skeleton
   592 | D:1      | Reached skill level 5 in Necromancy
  1480 | D:2      | Reached XP level 3. HP: 13/24 MP: 3/6
  2215 | D:2      | Reached skill level 6 in Necromancy
  2433 | D:3      | Reached XP level 4. HP: 26/30 MP: 4/7
  2741 | D:3      | Reached skill level 7 in Necromancy
  2741 | D:3      | Reached XP level 5. HP: 22/35 MP: 5/9
  2747 | D:3      | Learned a level 4 spell: Animate Dead
  2865 | D:3      | Noticed Natasha
  2879 | D:3      | Found a white marble altar of Elyvilon.
  2979 | D:3      | Killed Natasha
  2994 | D:3      | Noticed Natasha
  3002 | D:3      | Noticed Ijyb
  3190 | D:3      | Killed Ijyb
  3320 | D:3      | Noticed Crazy Yiuf
  3340 | D:3      | Killed Crazy Yiuf
  3553 | D:3      | Gained mutation: Your flesh is heat resistant. [demonic ancestry]
  3553 | D:3      | Reached XP level 6. HP: 40/42 MP: 10/13
  3564 | D:3      | Killed Natasha
  3566 | D:3      | Reached skill level 1 in Fighting
  3566 | D:3      | Reached skill level 1 in Throwing
  3891 | D:3      | Noticed Natasha
  3893 | D:3      | Killed Natasha
  4054 | D:3      | Found an ancient bone altar of Kikubaaqudgha.
  4056 | D:3      | Found a sparkling altar of Nemelex Xobeh.
  4113 | D:3      | Became a worshipper of Kikubaaqudgha
  5125 | D:4      | Found Plias Metocw's Book Emporium.
  5145 | D:4      | Reached skill level 1 in Polearms
  5145 | D:4      | Gained mutation: You are surrounded by a mild repulsion field (EV +2). [demonic ancestry]
  5145 | D:4      | Reached XP level 7. HP: 46/51 MP: 9/14
  5532 | D:4      | Noticed Crauler's ghost (average HaFi)
  5539 | D:4      | Killed Crauler's ghost
  5608 | D:4      | Found a blossoming altar of Fedhas.
  5671 | D:5      | Entered Level 5 of the Dungeon
  5796 | D:5      | Acquired Kikubaaqudgha's first power
  5796 | D:5      | Received a gift from Kikubaaqudgha
  5797 | D:5      | Identified Kikubaaqudgha's Catalogue of Stolen Souls (Kikubaaqudgha gifted it to you on level 5 of the Dungeon)
  6178 | D:5      | Found a snail-covered altar of Cheibriados.
  6805 | D:5      | Gained mutation: You are slightly more attuned to the shadows. [demonic ancestry]
  6805 | D:5      | Reached XP level 8. HP: 12/58 MP: 11/16
  7347 | D:5      | Noticed Edmund
  7389 | D:5      | Killed Edmund
  7389 | D:5      | Reached skill level 5 in Polearms
  7445 | D:5      | Noticed Shimatora's ghost (average OpAs)
  7822 | D:5      | Killed Shimatora's ghost
  8444 | D:5      | Noticed a soul eater
  8697 | D:6      | Reached skill level 1 in Armour
  8761 | D:6      | Noticed Duvessa
  8761 | D:6      | Noticed Dowan
  8801 | D:6      | Killed Dowan
  8952 | D:6      | Noticed Pikel
  8977 | D:6      | Your ally Dowan died
  9025 | D:6      | Found a radiant altar of Vehumet.
  9050 | D:6      | Slain by a slave

Action                   |  1- 3 |  4- 6 |  7- 9 || total
-------------------------+-------+-------+-------++-------
Melee: Whip              |    72 |     5 |       ||    77
       Hammer            |       |    12 |       ||    12
       Flail             |       |    11 |       ||    11
       Glaive            |       |     9 |    62 ||    71
       Trident           |       |       |   157 ||   157
Throw: Tomahawk          |       |     7 |    15 ||    22
 Cast: Pain              |    52 |    99 |    60 ||   211
       Animate Skeleton  |     1 |       |       ||     1
       Animate Dead      |       |    14 |     9 ||    23
Invok: Receive Corpses   |       |       |     5 ||     5
Evoke: Wand              |       |    14 |     7 ||    21
  Use: Scroll            |       |     7 |     3 ||    10
       Potion            |       |       |     5 ||     5
 Stab: Sleeping          |     2 |     1 |     5 ||     8
       Distracted        |       |     1 |     1 ||     2
